 Dungeon Crawl Stone Soup version 0.26.0-15-gc6cd9f700b (webtiles) character file.

Game seed: 14473356934585945937

303 hawla the Magician (level 6, -11/47 HPs)
             Began as a Draconian Conjurer on Jan 15, 2021.
             Was an Initiate of Vehumet.
             Mangled by a yak (16 damage)
             ... on level 4 of the Dungeon.
             The game lasted 00:08:38 (2792 turns).

hawla the Magician (Draconian Conjurer)             Turns: 2792, Time: 00:08:39

Health: -11/47     AC:  7    Str: 16    XL:     6   Next: 15%
Magic:  8/14       EV: 12    Int: 20    God:    Vehumet [......]
Gold:   138        SH:  0    Dex:  9    Spells: 9/16 levels left

rFire    . . .     SeeInvis +   u - +0 quarterstaff
rCold    . . .     Faith    .   (shield currently unavailable)
rNeg     . . .     Spirit   .   (armour unavailable)
rPois    .         Reflect  .   (helmet restricted)
rElec    .         Harm     .   (no cloak)
rCorr    .         Rampage  .   s - +0 pair of gloves
Will     .....                  (no boots)
Stlth    +.........             (no amulet)
HPRegen  0.15/turn              c - ring of see invisible
MPRegen  0.14/turn              j - +6 ring of strength

@: confused, very slightly contaminated
A: unfitting armour, cold-blooded, AC +6
a: Renounce Religion


You were on level 4 of the Dungeon.
You worshipped Vehumet.
Vehumet was noncommittal.
You visited 1 branch of the dungeon, and saw 4 of its levels.

You collected 138 gold pieces.

Inventory:

Hand Weapons
 u - a +0 quarterstaff (weapon)
Missiles
 r - 8 curare-tipped darts (quivered)
Armour
 s - a +0 pair of gloves (worn)
Jewellery
 c - a ring of see invisible (left hand)
 j - a +6 ring of strength (right hand)
 o - an uncursed ring of poison resistance {unknown}
 t - an uncursed ring of wizardry {unknown}
Wands
 k - a wand of acid (11)
Scrolls
 a - 4 scrolls of magic mapping {unknown}
 b - 2 scrolls of remove curse
 h - a scroll of enchant weapon {unknown}
 l - a scroll of identify
 p - 2 scrolls of fog {unknown}
 q - a scroll of fear {unknown}
Potions
 d - 2 potions of cancellation
 g - 3 potions of curing {unknown}
 i - a potion of flight
 m - a potion of brilliance {unknown}


   Skills:
 - Level 1.0 Fighting
 + Level 0.1 Staves
 - Level 2.0 Dodging
 - Level 2.0 Stealth
 + Level 5.6 Spellcasting
 + Level 4.1 Conjurations
 + Level 0.6 Translocations
 + Level 0.1 Evocations


You had 9 spell levels left.
You knew the following spells:

 Your Spells              Type           Power        Failure   Level
a - Magic Dart            Conj           88%          1%          1
b - Searing Ray           Conj           44%          3%          2
c - Iskenderun's Mystic   Conj/Tloc      15%          38%         4

Your spell library contained the following spells:

 Spells                   Type           Power        Failure   Level
 Dazzling Flash           Conj/Hex       26%          14%         3
 Fulminant Prism          Conj/Hex       6%           43%         4


Dungeon Overview and Level Annotations

Branches:
Dungeon (4/15)
 Temple: D:4-7

Altars:
Ashenzari
Elyvilon
Nemelex Xobeh
Okawaru
Vehumet
The Shining One


Innate Abilities, Weirdness & Mutations

Your plain brown scales are hard. (AC +6)
You cannot fit into any form of body armour.
You are cold-blooded and may be slowed by cold attacks.


Message History

The searing ray hits the yak.
The yak is severely wounded.
You are no longer locked in place.
The yak gores you.
* * * LOW HITPOINT WARNING * * *
The yak gores you!
* * * LOW HITPOINT WARNING * * *
It was a potion of heal wounds.
You feel much better. The yak gores you!
* * * LOW HITPOINT WARNING * * *
The yak misses you.
Okay, then.
You feel much better. The yak gores you! x2
* * * LOW HITPOINT WARNING * * *
Unknown command.
Casting: Searing Ray (safe; 3% risk of failure)
Confirm with . or Enter, or press ? or * to list all spells.
You don't have enough magic to cast that spell.
You are confused.
You feel invigorated. The yak gores you!
You die... ### #.# #.### #@Y†# #Y### YYY

..Y..
......#
.......#
.......>$
########.##


You could see 6 yaks.

Vanquished Creatures
  Grinder (D:3)
  3 adders
  An ooze (D:1)
  4 worms
  2 leopard geckos
  A ball python (D:3)
  4 giant cockroaches
  7 goblins
  5 hobgoblins
  4 jackals (D:3)
  10 bats
  2 frilled lizards (D:1)
  9 kobolds
  4 rats
57 creatures vanquished.

Notes
Turn   | Place    | Note
-------+----------+-------------------------------------------
     0 | D:1      | hawla the Draconian Conjurer began the quest for the Orb.
     0 | D:1      | Reached XP level 1. HP: 14/14 MP: 3/3
   270 | D:1      | Reached XP level 2. HP: 20/22 MP: 0/5
   273 | D:1      | Learned a level 2 spell: Searing Ray
   416 | D:1      | Reached skill level 1 in Fighting
   827 | D:1      | Reached XP level 3. HP: 28/28 MP: 5/7
   875 | D:1      | Reached skill level 3 in Spellcasting
  1285 | D:2      | Found a glowing golden altar of the Shining One.
  1677 | D:2      | Found an iron altar of Okawaru.
  1677 | D:2      | Found a white marble altar of Elyvilon.
  1679 | D:2      | Found a radiant altar of Vehumet.
  1759 | D:2      | Found a sparkling altar of Nemelex Xobeh.
  1944 | D:3      | Noticed Grinder
  1950 | D:3      | Killed Grinder
  1951 | D:3      | Reached skill level 5 in Spellcasting
  1951 | D:3      | Reached XP level 4. HP: 22/35 MP: 0/11
  1951 | D:3      | Reached XP level 5. HP: 26/40 MP: 0/13
  1956 | D:3      | Learned a level 4 spell: Iskenderun's Mystic Blast
  2178 | D:3      | Reached XP level 6. HP: 47/47 MP: 7/14
  2334 | D:2      | Found a broken altar of Ashenzari.
  2346 | D:2      | Became a worshipper of Vehumet
  2780 | D:4      | Noticed a yak
  2780 | D:4      | Noticed a yak
  2780 | D:4      | Noticed a yak
  2781 | D:4      | Noticed a yak
  2781 | D:4      | Noticed a yak
  2785 | D:4      | Noticed a yak
  2789 | D:4      | HP: 2/47 [yak (10)]
  2792 | D:4      | Mangled by a yak

Illustrated notes

Levels and vault maps discovered:
D:1:      mrwooster_arrival_statue_2, layout_basic, st_stairs_11
D:2:      layout_loops_ring, nicolae_overflow_hidden_temple,
          nicolae_tso_carved_into_rock
D:3:      layout_rooms, uniq_grinder
D:4:      layout_basic, uniq_edmund

Skill      XL: |  1  2  3 |
---------------+----------+-----
Dodging        | 2 |  2.0
Stealth        | 2 |  2.0
Fighting       | 1 |  1.0
Spellcasting   | 5 |  5.6
Staves         | |  0.1
Conjurations   | |  4.1
Translocations | |  0.6
Evocations     | |  0.1

Action                   |  1- 3 |  4- 6 || total
-------------------------+-------+-------++-------
Melee: Unarmed           |     3 |       ||     3
       Tailslap          |     1 |       ||     1
       Dagger            |    13 |     8 ||    21
 Cast: Magic Dart        |    38 |    19 ||    57
       Searing Ray       |    12 |     7 ||    19
       Iskenderun's Myst |       |     1 ||     1
Evoke: Wand              |     1 |       ||     1
  Use: Scroll            |     5 |       ||     5
       Potion            |       |     3 ||     3
Armor: Skin              |    10 |     3 ||    13
Dodge: Dodged            |    19 |    13 ||    32
